[ AOE2 MATCH · #506822087 ]
UnrankedMalay vs Teutons
Player's team · LOSS
Rival team · WIN
[ REPLAY ANALYSIS · EXTRACTED FROM THE RECORDED GAME ]
Feudal
11:46
Castle
14:29
Imperial
—
| APM avg | 43.1 |
| APM peak | 116 |
| eAPM avg | 21.0 |
| Villagers / military | 86 / 13 |
Focus
⚔️ 27.0% · 🌾 73.0%
Mangonel ×6 · Spearman ×6 · Battering Ram ×1
Feudal
9:45
Castle
25:43
Imperial
—
| APM avg | 57.3 |
| APM peak | 159 |
| eAPM avg | 28.9 |
| Villagers / military | 77 / 7 |
Focus
⚔️ 18.6% · 🌾 81.4%
Scout Cavalry ×4 · Mangonel ×2 · Spearman ×1
Match map
Initial resources + every placement click. Lines = walls · curves = elevation contours. ◆ gold · ⬟ stone · ● berries · ✦ relic · ◌ wall gap
Your base· ✓ Closed at 14:29 · 23t walls · 3 gate(s)
VNS__Pan's base· ✓ Closed at 25:43 · 6t walls · 4 gate(s)
Smoothed initial terrain · ◌ = detected wall gap · hover for details
Inputs per minute
— OS | pilot - - VNS__Pan
Build order — OS | pilot
First 150 of 158 actions detected
| 0:01 | Queue | Villager (Male) |
| 0:01 | Queue | Villager (Male) |
| 0:01 | Queue | Villager (Male) |
| 0:02 | Build | House |
| 0:04 | Build | House |
| 0:04 | Queue | Villager (Male) |
| 1:26 | Queue | Villager (Male) |
| 1:45 | Build | Lumber Camp |
| 2:02 | Queue | Villager (Male) |
| 2:14 | Queue | Villager (Male) |
| 2:15 | Queue | Villager (Male) |
| 2:46 | Queue | Villager (Male) |
| 2:46 | Queue | Villager (Male) |
| 3:10 | Queue | Villager (Male) |
| 3:10 | Queue | Villager (Male) |
| 3:39 | Queue | Villager (Male) |
| 3:50 | Build | House |
| 3:50 | Build | House |
| 3:52 | Build | House |
| 3:56 | Queue | Villager (Male) |
| 4:09 | Queue | Villager (Male) |
| 4:51 | Queue | Villager (Male) |
| 4:51 | Queue | Villager (Male) |
| 4:53 | Queue | Villager (Male) |
| 5:17 | Build | Mill |
| 5:29 | Queue | Villager (Male) |
| 5:48 | Build | Lumber Camp |
| 6:32 | Queue | Villager (Male) |
| 6:49 | Queue | Villager (Male) |
| 7:06 | Build | Farm |
| 7:17 | Queue | Villager (Male) |
| 7:32 | Build | Mill |
| 7:40 | Queue | Villager (Male) |
| 7:48 | Build | Farm |
| 7:50 | Build | Farm |
| 8:23 | Queue | Villager (Male) |
| 8:45 | Queue | Villager (Male) |
| 8:59 | Queue | Villager (Male) |
| 9:14 | Queue | Villager (Male) |
| 9:25 | Build | Mining Camp |
| 9:47 | Research | Loom |
| 9:49 | Research | Feudal Age |
| 10:09 | Build | Palisade Wall |
| 11:18 | Build | House |
| 11:21 | Queue | Villager (Male) |
| 11:21 | Queue | Villager (Male) |
| 11:46 | Age | Feudal Age |
| 11:56 | Build | Blacksmith |
| 11:59 | Build | Market |
| 12:03 | Build | House |
| 12:05 | Build | House |
| 12:11 | Build | Palisade Wall |
| 12:53 | Research | Castle Age |
| 13:03 | Build | Palisade Wall |
| 13:06 | Build | Palisade Wall |
| 13:48 | Research | Double-Bit Axe |
| 13:53 | Research | Horse Collar |
| 14:08 | Build | Market |
| 14:29 | Age | Castle Age |
| 14:32 | Build | Siege Workshop |
| 14:36 | Build | Town Center |
| 14:50 | Build | House |
| 14:53 | Build | House |
| 14:58 | Build | House |
| 15:01 | Queue | Villager (Male) |
| 15:05 | Queue | Mangonel |
| 15:05 | Queue | Mangonel |
| 15:18 | Queue | Villager (Male) |
| 15:18 | Queue | Villager (Male) |
| 15:33 | Build | Palisade Wall |
| 16:00 | Queue | Battering Ram |
| 16:12 | Queue | Villager (Male) |
| 16:12 | Queue | Villager (Male) |
| 16:20 | Build | Farm |
| 16:21 | Build | Farm |
| 16:21 | Build | Farm |
| 16:21 | Build | Farm |
| 17:37 | Queue | Villager (Male) |
| 17:37 | Queue | Villager (Male) |
| 17:47 | Queue | Mangonel |
| 17:47 | Queue | Mangonel |
| 18:04 | Build | Farm |
| 18:04 | Build | Farm |
| 18:05 | Build | Farm |
| 18:05 | Build | Farm |
| 18:59 | Queue | Villager (Male) |
| 18:59 | Queue | Villager (Male) |
| 19:24 | Build | Farm |
| 19:25 | Build | Farm |
| 19:31 | Queue | Villager (Male) |
| 19:31 | Queue | Villager (Male) |
| 19:40 | Build | Town Center |
| 19:58 | Queue | Villager (Male) |
| 20:12 | Build | Farm |
| 20:21 | Queue | Villager (Male) |
| 20:22 | Queue | Villager (Male) |
| 20:33 | Queue | Villager (Male) |
| 20:33 | Queue | Villager (Male) |
| 20:48 | Queue | Villager (Male) |
| 20:49 | Queue | Villager (Male) |
| 21:04 | Queue | Villager (Male) |
| 21:04 | Queue | Villager (Male) |
| 21:21 | Queue | Villager (Male) |
| 21:37 | Queue | Villager (Male) |
| 21:37 | Queue | Villager (Male) |
| 21:52 | Build | Stone Wall |
| 21:53 | Queue | Villager (Male) |
| 21:54 | Build | Barracks |
| 22:03 | Queue | Villager (Male) |
| 22:04 | Queue | Villager (Male) |
| 22:12 | Build | Mining Camp |
| 22:27 | Queue | Villager (Male) |
| 22:27 | Queue | Villager (Male) |
| 22:38 | Queue | Villager (Male) |
| 22:38 | Queue | Villager (Male) |
| 22:48 | Queue | Spearman |
| 22:48 | Queue | Spearman |
| 23:02 | Queue | Villager (Male) |
| 23:02 | Queue | Villager (Male) |
| 23:16 | Build | Palisade Wall |
| 23:29 | Build | House |
| 23:35 | Build | House |
| 23:36 | Queue | Villager (Male) |
| 23:41 | Queue | Villager (Male) |
| 23:58 | Queue | Villager (Male) |
| 24:01 | Queue | Mangonel |
| 24:06 | Build | Stone Wall |
| 24:20 | Queue | Villager (Male) |
| 24:20 | Queue | Villager (Male) |
| 24:35 | Queue | Mangonel |
| 24:39 | Queue | Spearman |
| 24:39 | Queue | Spearman |
| 25:00 | Queue | Villager (Male) |
| 25:00 | Queue | Villager (Male) |
| 25:22 | Queue | Villager (Male) |
| 25:23 | Queue | Villager (Male) |
| 25:23 | Queue | Villager (Male) |
| 25:28 | Queue | Villager (Male) |
| 25:29 | Queue | Villager (Male) |
| 25:45 | Queue | Spearman |
| 25:45 | Queue | Spearman |
| 26:03 | Queue | Villager (Male) |
| 26:03 | Queue | Villager (Male) |
| 26:40 | Build | Castle |
| 26:41 | Queue | Villager (Male) |
| 26:41 | Queue | Villager (Male) |
| 27:19 | Build | Castle |
| 27:40 | Queue | Villager (Male) |
| 27:40 | Queue | Villager (Male) |
| 27:41 | Queue | Villager (Male) |
Build order — VNS__Pan
First 150 of 160 actions detected
| 0:00 | Queue | Villager (Male) |
| 0:01 | Queue | Villager (Male) |
| 0:01 | Queue | Villager (Male) |
| 0:01 | Queue | Villager (Male) |
| 0:01 | Queue | Villager (Male) |
| 0:03 | Build | House |
| 0:04 | Build | House |
| 1:24 | Queue | Villager (Male) |
| 1:24 | Queue | Villager (Male) |
| 1:53 | Build | Lumber Camp |
| 1:59 | Queue | Villager (Male) |
| 1:59 | Queue | Villager (Male) |
| 2:00 | Queue | Villager (Male) |
| 2:15 | Queue | Villager (Male) |
| 2:15 | Queue | Villager (Male) |
| 2:15 | Queue | Villager (Male) |
| 2:47 | Queue | Villager (Male) |
| 2:48 | Queue | Villager (Male) |
| 2:48 | Queue | Villager (Male) |
| 3:11 | Queue | Villager (Male) |
| 3:11 | Queue | Villager (Male) |
| 3:12 | Queue | Villager (Male) |
| 3:36 | Queue | Villager (Male) |
| 3:36 | Queue | Villager (Male) |
| 3:36 | Queue | Villager (Male) |
| 3:51 | Build | House |
| 3:58 | Queue | Villager (Male) |
| 3:59 | Queue | Villager (Male) |
| 3:59 | Queue | Villager (Male) |
| 4:12 | Build | Palisade Gate |
| 4:28 | Queue | Villager (Male) |
| 4:28 | Queue | Villager (Male) |
| 4:36 | Build | Palisade Wall |
| 4:45 | Build | Palisade Gate |
| 4:56 | Queue | Villager (Male) |
| 4:56 | Queue | Villager (Male) |
| 4:57 | Queue | Villager (Male) |
| 4:57 | Queue | Villager (Male) |
| 5:08 | Build | Palisade Wall |
| 5:11 | Build | Palisade Wall |
| 5:28 | Build | Palisade Wall |
| 5:31 | Queue | Villager (Male) |
| 5:31 | Queue | Villager (Male) |
| 5:31 | Queue | Villager (Male) |
| 5:50 | Build | House |
| 6:22 | Build | Mill |
| 6:43 | Queue | Villager (Male) |
| 7:09 | Queue | Villager (Male) |
| 7:35 | Research | Feudal Age |
| 7:35 | Research | Feudal Age |
| 7:49 | Research | Loom |
| 8:02 | Build | Mining Camp |
| 9:45 | Age | Feudal Age |
| 9:48 | Queue | Villager (Male) |
| 9:48 | Queue | Villager (Male) |
| 9:58 | Build | Watch Tower |
| 10:00 | Queue | Villager (Male) |
| 10:18 | Queue | Villager (Male) |
| 10:22 | Build | House |
| 10:53 | Queue | Villager (Male) |
| 11:03 | Build | Blacksmith |
| 11:15 | Queue | Villager (Male) |
| 11:53 | Research | Fletching |
| 11:53 | Research | Fletching |
| 11:55 | Build | House |
| 12:07 | Queue | Villager (Male) |
| 12:50 | Build | Watch Tower |
| 12:54 | Queue | Villager (Male) |
| 13:07 | Build | Farm |
| 13:08 | Build | Farm |
| 13:11 | Build | Farm |
| 13:12 | Build | Farm |
| 13:50 | Queue | Villager (Male) |
| 13:53 | Queue | Villager (Male) |
| 13:59 | Build | House |
| 14:00 | Build | House |
| 14:11 | Research | Double-Bit Axe |
| 14:11 | Research | Double-Bit Axe |
| 14:59 | Queue | Villager (Male) |
| 15:03 | Build | House |
| 15:04 | Build | House |
| 15:08 | Queue | Villager (Male) |
| 15:13 | Build | Farm |
| 15:16 | Research | Horse Collar |
| 15:16 | Research | Horse Collar |
| 15:22 | Build | Watch Tower |
| 15:28 | Queue | Villager (Male) |
| 15:50 | Queue | Villager (Male) |
| 15:50 | Queue | Villager (Male) |
| 15:50 | Queue | Villager (Male) |
| 15:50 | Queue | Villager (Male) |
| 15:58 | Build | Watch Tower |
| 16:09 | Build | Watch Tower |
| 16:11 | Queue | Villager (Male) |
| 16:14 | Build | House |
| 16:36 | Build | Watch Tower |
| 16:51 | Build | Stone Wall |
| 16:55 | Build | Stone Wall |
| 17:53 | Build | Watch Tower |
| 18:32 | Queue | Villager (Male) |
| 18:33 | Queue | Villager (Male) |
| 18:34 | Build | Farm |
| 18:35 | Build | Farm |
| 18:35 | Build | Farm |
| 18:35 | Build | Farm |
| 18:35 | Build | Farm |
| 18:36 | Build | Farm |
| 18:41 | Build | Farm |
| 19:03 | Build | House |
| 19:05 | Queue | Villager (Male) |
| 19:06 | Queue | Villager (Male) |
| 19:06 | Queue | Villager (Male) |
| 19:08 | Build | Farm |
| 19:08 | Build | Farm |
| 19:08 | Build | Farm |
| 19:09 | Build | Farm |
| 19:12 | Build | Farm |
| 19:12 | Build | Farm |
| 19:12 | Build | Farm |
| 19:18 | Build | Barracks |
| 19:28 | Queue | Villager (Male) |
| 19:32 | Build | Mining Camp |
| 19:57 | Queue | Villager (Male) |
| 20:08 | Queue | Spearman |
| 20:13 | Build | Stable |
| 20:25 | Queue | Villager (Male) |
| 20:29 | Build | Market |
| 20:39 | Queue | Scout Cavalry |
| 20:39 | Queue | Scout Cavalry |
| 21:06 | Build | Mining Camp |
| 21:38 | Queue | Scout Cavalry |
| 21:53 | Queue | Scout Cavalry |
| 23:03 | Research | Castle Age |
| 23:33 | Build | Watch Tower |
| 23:49 | Queue | Villager (Male) |
| 25:43 | Age | Castle Age |
| 25:47 | Research | Bodkin Arrow |
| 25:48 | Research | Bodkin Arrow |
| 25:48 | Queue | Villager (Male) |
| 25:48 | Queue | Villager (Male) |
| 25:48 | Queue | Villager (Male) |
| 25:51 | Build | Farm |
| 25:51 | Build | Farm |
| 25:51 | Build | Farm |
| 25:51 | Build | Farm |
| 25:52 | Build | Farm |
| 26:04 | Build | Siege Workshop |
| 26:28 | Queue | Villager (Male) |
| 26:28 | Queue | Villager (Male) |
| 26:31 | Queue | Villager (Male) |
Match timeline
| 4:36 | VNS__Pan · wall_segment Palisade Wall x1 |
| 5:08 | VNS__Pan · wall_segment Palisade Wall x1 |
| 5:11 | VNS__Pan · wall_segment Palisade Wall x1 |
| 5:28 | VNS__Pan · wall_segment Palisade Wall x1 |
| 9:45 | VNS__Pan · age_up feudal |
| 10:09 | OS | pilot · wall_segment Palisade Wall x10 |
| 11:46 | OS | pilot · age_up feudal |
| 12:11 | OS | pilot · wall_segment Palisade Wall x8 |
| 13:03 | OS | pilot · wall_segment Palisade Wall x3 |
| 13:06 | OS | pilot · wall_segment Palisade Wall x2 |
| 14:29 | OS | pilot · age_up castle |
| 14:32 | OS | pilot · first_building Siege Workshop |
| 15:33 | OS | pilot · wall_segment Palisade Wall x4 |
| 16:51 | VNS__Pan · wall_segment Stone Wall x1 |
| 16:55 | VNS__Pan · wall_segment Stone Wall x1 |
| 19:18 | VNS__Pan · first_building Barracks |
| 20:13 | VNS__Pan · first_building Stable |
| 21:52 | OS | pilot · wall_segment Stone Wall x1 |
| 21:54 | OS | pilot · first_building Barracks |
| 23:16 | OS | pilot · wall_segment Palisade Wall x1 |
| 24:06 | OS | pilot · wall_segment Stone Wall x1 |
| 25:22 | OS | pilot · first_market_buy 100 food |
| 25:43 | VNS__Pan · age_up castle |
| 26:04 | VNS__Pan · first_building Siege Workshop |
| 26:40 | OS | pilot · first_building Castle |
| 28:50 | OS | pilot · resign |
[ AI ANALYSIS · 1 CREDIT ]
What really happened in this match?
Wolo.gg analyzes every decision: build order, eco, micro, common mistakes by bracket. Personalized analysis on WhatsApp or Discord in 30 seconds.
Civ guide
Malay
Perfil
Jugador #2028500